Cogmind - Beta 13 @@@ ROGUE MODE // 2024.04.20 @ 17:30:36 Player: NikedNOGsing_in_can't Result: Destroyed by as-94459 with Assembled Heavy Rifle Performance ------------- Evolutions (0) 0 Regions Visited (2) 400 Robots Destroyed (24) 120 Value Destroyed (401) 401 Prototype IDs (2) 40 Alien Tech Used (0) 0 Bonus (0) 0 TOTAL SCORE: 961 Bonus ------- None Cogmind --------- Core Integrity 0/250 Matter 214/300 Energy 250/250 System Corruption 0% Temperature Cool (0) Movement Rolling (140) Ox4 Location -10/Mines Parts ------- > --- POWER (1) -------- Ion Engine > --- PROPULSION (2) --- Light Treads Wheel > --- UTILITY (2) ------ High-capacity Storage Unit Seismic Detector > --- WEAPON (2) ------- Light Assault Rifle Light Assault Rifle > --- INVENTORY (20) --- Ion Engine Aluminum Leg Improved Heat Sink Large Storage Unit Large Matter Pod (150) Weight Redist. System Visual Processing Unit Improved Terrain Scanner Hacking Suite Tractor Beam Light Assault Rifle Light Assault Rifle Grenade Launcher Datajack Mining Laser Peak State ------------ > --- POWER ------------ Ion Engine > --- PROPULSION ------- Light Treads Light Treads > --- UTILITY ---------- Large Storage Unit Hacking Suite > --- WEAPON ----------- Medium Laser Light Assault Rifle > --- INVENTORY -------- Ion Engine Light Treads Aluminum Leg Wheel Medium Storage Unit Weight Redist. System Visual Processing Unit Improved Terrain Scanner Seismic Detector Hacking Suite Tractor Beam Light Assault Rifle Grenade Launcher Datajack [Rating: 11] Favorites ----------- Power Ion Engine Engine Ion Engine Propulsion Aluminum Leg Treads Light Treads Leg Aluminum Leg Wheel Wheel Utility Hacking Suite Device Tractor Beam Storage Small Storage Unit Hackware Hacking Suite Weapon Light Assault Rifle Energy Gun Medium Laser Ballistic Gun Light Assault Rifle Launcher Grenade Launcher Special Weapon Mining Laser Build | -11 -10 -10 ------- Run | Yrd Mat Min Slots Evolved . | . . . Power . | . . . Propulsion . | . . . Utility . | . . . Weapon . | . . . Parts Attached 30 | 8 20 2 Power 4 | 1 3 . Engine 4 | 1 3 . Core . | . . . Reactor . | . . . Propulsion 9 | 3 6 . Treads 5 | 1 4 . Leg 3 | 2 1 . Wheel 1 | . 1 . Hover . | . . . Flight . | . . . Utility 7 | 2 5 . Device 2 | 1 1 . Storage 4 | 1 3 . Processor . | . . . Hackware 1 | . 1 . Protection . | . . . Artifact . | . . . Weapon 10 | 2 6 2 Energy Gun 2 | 1 1 . Energy Cannon . | . . . Ballistic Gun 6 | 1 4 1 Ballistic Cannon . | . . . Launcher 1 | . . 1 Special Weapon 1 | . 1 . Impact Weapon . | . . . Slashing Weapon . | . . . Piercing Weapon . | . . . Special Melee Weapon . | . . . Unidentified Prototypes . | . . . Parts Lost 3 | . 3 . Power . | . . . Propulsion 2 | . 2 . Utility . | . . . Weapon 1 | . 1 . Highest Loss Streak 3 | . 3 . To Critical Strikes . | . . . Average Slot Usage (%) 98 | . 98 100 Engine 14 | . 14 14 Treads 10 | . 10 14 Leg 12 | . 13 . Wheel 3 | . 3 14 Device 5 | . 5 14 Storage 14 | . 14 14 Hackware 8 | . 8 . Energy Gun 9 | . 10 . Ballistic Gun 16 | . 16 22 Special Weapon 1 | . 1 . Naked Turns . | . . . Heaviest Build 50 | 14 48 50 Greatest Support 40 | 20 40 10 Greatest Overweight (x) 8 | . 8 4 Average Overweight (x) . | . . 4 Largest Inventory Capacity 20 | 8 20 20 Average Capacity 12 | 7 12 20 Most Carried 16 | 8 16 15 Average Carried 10 | 4 10 15 Final Capacity 20 | 8 20 20 Final Carried 15 | 8 15 15 Class Distribution -------------------- 86% | Mutant 13% | Scavenger-Mutant Dominant Class ---------------- Mutant | -10/Materials Mutant | -10/Mines Resources | -11 -10 -10 ----------- Run | Yrd Mat Min Matter Collected 721 | 287 434 . Remotely 197 | 133 64 . Salvage Created 776 | 96 636 44 Parts 48 | 8 40 . Haulers Intercepted 2 | . 2 . Recyclers Shooed 1 | . 1 . Parts Field Recycled . | . . . Retrieved Matter . | . . . Parts Self-Destructed . | . . . Prevented . | . . . Kills | -11 -10 -10 ------- Run | Yrd Mat Min Combat Hostiles Destroyed 25 | . 13 12 Guns 13 | . 13 . AOE 12 | . . 12 Classes Destroyed 9 | 2 6 1 Builder 1 | . 1 . Tunneler 3 | 2 1 . Hauler 2 | . 2 . Recycler 2 | 1 1 . Operator 2 | . 2 . Watcher 1 | . 1 . Swarmer 6 | . 6 . Grunt 7 | . 7 . Assembled 12 | . . 12 Best Kill Streak 12 | 1 3 12 Combat Bots Only 12 | . 3 12 Max Kills in Single Turn 6 | 1 2 6 Gunslinging 1 | . 1 . Exploded 6 | . . 6 Melee . | . . . Uniques/NPCs Destroyed . | . . . Combat | -11 -10 -10 -------- Run | Yrd Mat Min Hostile Shots Fired 109 | . 82 27 Missed 25 | . 16 9 Damage Taken 985 | . 680 305 Core 258 | . 142 116 Absorbed by Shields . | . . . Core Remaining (%) 100 | 100 . . Volleys Fired 113 | 7 97 9 Largest 2 | 2 2 2 Hottest 100 | 70 100 40 Shots Fired 213 | 14 187 12 Gun 200 | 14 180 6 Cannon . | . . . Launcher 6 | . . 6 Special 7 | . 7 . Kinetic 119 | 7 106 6 Thermal 88 | 7 81 . Explosive 6 | . . 6 Electromagnetic . | . . . Robot Hit Streak 16 | 4 16 4 Robot Miss Streak 6 | 1 6 1 Penetration Max . | . . . Secondary Targets 2 | . 2 . Max Gunslinging Chain 1 | . 1 . Shots Hit Robots 128 | 8 113 7 Core Hits 72 | 5 42 25 Critical Kills . | . . . Critical Parts Destroyed 1 | . 1 . Critical Strikes 7 | . 7 . Burn 6 | . 6 . Destroy 1 | . 1 . Melee Attacks . | . . . Impact . | . . . Slashing . | . . . Piercing . | . . . Sneak Attacks . | . . . Combat Hostiles . | . . . Follow-up Attacks . | . . . Damage Inflicted 2064 | 88 1169 807 Guns 1276 | 88 1156 32 Cannons . | . . . Explosions 775 | . . 775 Melee . | . . . Ramming 13 | . 13 . Kinetic 576 | 15 529 32 Thermal 700 | 73 627 . Explosive 775 | . . 775 Electromagnetic . | . . . Impact . | . . . Slashing . | . . . Piercing . | . . . Highest Corruption . | . . . Average Corruption . | . . . Corruption Purged . | . . . Corruption Blocked . | . . . Overload Shots . | . . . Overflow Damage 19 | . . 19 Projectiles . | . . . Explosions 19 | . . 19 Melee . | . . . Knockbacks . | . . . Impact . | . . . Kinetic . | . . . Secondary . | . . . Self-Inflicted Damage 37 | . 6 31 Shots 3 | . . 3 Rammed 2 | . 2 . Targets Rammed 2 | . 2 . Kicked . | . . . Crushed . | . . . Highest Temperature 300 | 40 300 20 Average Temperature 58 | 19 61 20 Received Heat Transfer 304 | . 264 40 Siege Activations . | . . . Robots Corrupted . | . . . Combat Hostiles . | . . . Parts Fried . | . . . Impact Corruptions . | . . . Robots Melted . | . . . Combat Hostiles . | . . . Parts Melted 4 | 1 3 . Heat Transferred 2553 | 222 2331 . Parts Sabotaged . | . . . Parts Stolen . | . . . Parts Stripped . | . . . Power Chain Reactions . | . . . Alert | -11 -10 -10 ------- Run | Yrd Mat Min Peak Influence 277 | 15 277 93 Initial 65 | . 9 65 Average 94 | 6 103 71 Maximum Alert Level 1 | . 1 . Low Security (%) 90 | 100 89 100 Level 1 9 | . 10 . Level 2 . | . . . Level 3 . | . . . Level 4 . | . . . Level 5 . | . . . High Security . | . . . Max Security . | . . . Squads Dispatched 4 | . 4 . Investigation 1 | . 1 . Extermination . | . . . Reinforcement 3 | . 3 . Assault . | . . . Garrison . | . . . Intercept . | . . . Searches Triggered . | . . . Construction Impeded . | . . . Haulers Reinforced . | . . . Active Scanning Responses . | . . . Cargo Convoy Interrupts . | . . . Stealth | -11 -10 -10 --------- Run | Yrd Mat Min Distress Signals 5 | . 5 . Communications Jammed . | . . . Distress Signals . | . . . Times Spotted 43 | . 31 12 Peak Tracking Total 12 | . 6 12 Tactical Retreats 1 | . 1 . Traps | -11 -10 -10 ------- Run | Yrd Mat Min Traps Triggered 3 | . 3 . Indirectly . | . . . Trap Hack Attempts . | . . . Triggered . | . . . Disarmed . | . . . Reprogrammed . | . . . Reused . | . . . Traps Extracted . | . . . Installed . | . . . Triggered . | . . . Machines | -11 -10 -10 ---------- Run | Yrd Mat Min Machines Disabled . | . . . Max in Single Turn . | . . . Machines Repaired . | . . . Machines Dismantled . | . . . Machines Sabotaged . | . . . Overloaded Fab Kills . | . . . Hacking | -11 -10 -10 --------- Run | Yrd Mat Min Machines Accessed 7 | . 7 . Terminals 6 | . 6 . Fabricators . | . . . Repair Stations . | . . . Recycling Units 1 | . 1 . Scanalyzers . | . . . Garrison Access . | . . . Total Hacks 28 | . 28 . Successful 16 | . 16 . Failed 12 | . 12 . Catastrophic 1 | . 1 . Database Lockouts . | . . . Manual 17 | . 17 . Terminals 25 | . 25 . Fabricators . | . . . Repair Stations . | . . . Recycling Units 3 | . 3 . Scanalyzers . | . . . Garrison Access . | . . . Terminal Hacks 8 | . 8 . Record 1 | . 1 . Prototype ID Bank 1 | . 1 . Locate Traps 2 | . 2 . Recall Reinforcements 1 | . 1 . Hauler Manifests 1 | . 1 . Zone Layout 2 | . 2 . Fabricator Hacks . | . . . Repair Station Hacks . | . . . Recycling Unit Hacks 1 | . 1 . Retrieve Components 1 | . 1 . Scanalyzer . | . . . Garrison Access Hacks . | . . . Unauthorized Hacks 7 | . 7 . Terminals 5 | . 5 . Botnet 5 | . 5 . Fabricators . | . . . Repair Stations . | . . . Recycling Units 2 | . 2 . Reject 1 | . 1 . Mask 1 | . 1 . Scanalyzers . | . . . Garrison Access . | . . . Data Cores Recovered . | . . . Used . | . . . Hacking Detections 5 | . 5 . Full Trace Events . | . . . Feedback Events . | . . . Feedback Blocked . | . . . Robot Schematics Acquired . | . . . Robots Built . | . . . Authchips . | . . . Time . | . . . Total Robot Build Rating . | . . . Part Schematics Acquired . | . . . Parts Built . | . . . Authchips . | . . . Time . | . . . Total Part Build Rating . | . . . Parts Repaired . | . . . Time . | . . . Parts Recycled . | . . . Recycled Matter . | . . . Retrieved Matter . | . . . Retrieved Components 10 | . 10 . Parts Scanalyzed . | . . . Part Schematics Acquired . | . . . Parts Damaged . | . . . Bothacking | -11 -10 -10 ------------ Run | Yrd Mat Min Used RIF Installer . | . . . Robots Hacked . | . . . Non-combat . | . . . Combat . | . . . Robot Hacks Applied . | . . . Relay Couplers Released . | . . . Fabnet Peak Effective % . | . . . Robots Rewired . | . . . Allies Hacked . | . . . Hacks Repelled . | . . . Allies | -11 -10 -10 -------- Run | Yrd Mat Min Total Allies . | . . . Largest Group . | . . . Highest-Rated Group . | . . . Highest-Rated Ally . | . . . Total Orders . | . . . Ally Attacks . | . . . Total Damage . | . . . Kills . | . . . Allies Corrupted . | . . . Allies Melted . | . . . Intel | -11 -10 -10 ------- Run | Yrd Mat Min Robot Analysis Total . | . . . Derelict Logs Recovered . | . . . Drone Launches . | . . . Drone Recoveries . | . . . Exploration | -11 -10 -10 ------------- Run | Yrd Mat Min Turns Passed 1584 | 125 1388 71 Spaces Moved 810 | 69 721 20 Core 8 | 4 4 . Treads 129 | 1 128 . Legs 440 | 64 376 . Wheels 233 | . 213 20 Hover . | . . . Flight . | . . . Fastest Speed 50 | 50 110 140 Average Speed 129 | 116 130 140 Slowest Speed 450 | 160 450 140 Overloaded Moves . | . . . Propulsion Burnouts . | . . . Robots Hopped . | . . . Cave-ins Triggered . | . . . Exploration Rate (%) 35 | 4 93 10 Regions Visited 2 Branch Regions 1 Pre-discovered Areas . | . . . Known Exits Taken . | . . . Unknown Exits Taken 2 | 1 1 . Scrap Searched . | . . . Spaces Dug 15 | . 7 8 Terrain Destroyed 40 | . 7 33 Melee . | . . . Projectile 7 | . 7 . AOE 33 | . . 33 Terrain Rammed . | . . . Walls Destroyed . | . . . Machines Disabled . | . . . Actions | -11 -10 -10 --------- Run | Yrd Mat Min Total 1137 | 98 987 52 Wait 150 | 5 124 21 Move 808 | 68 720 20 Hop . | . . . Pick Up 22 | 8 14 . Fast Attach 13 | 8 5 . Attach 3 | . 3 . Detach 1 | 1 . . Swap 14 | . 12 2 Drop 11 | 1 10 . Fire 113 | 7 97 9 Melee . | . . . Ram 2 | . 2 . Kick . | . . . Crush . | . . . Escape Stasis . | . . . Rewire . | . . . Trap . | . . . Miscellaneous . | . . . Route ------- -11/Scrapyard -10/Materials (discovered 5 exits: [*Mat x3] / [*Min] / [*Sub]) -10/Mines History --------- Turn | Location | Event 8 | -11/Scrapyard | Discovered new exit (range 15) 126 | -11/Scrapyard | Entered Materials 305 | -10/Materials | Build established: Mutant 374 | -10/Materials | Discovered new exit (range 15) 555 | -10/Materials | Discovered new exit (range 16) 555 | -10/Materials | Discovered new exit (range 20) 872 | -10/Materials | Discovered new exit (range 11) 1171 | -10/Materials | Lost 3 parts (2n1w) 1181 | -10/Materials | Core integrity fell below 50% 1216 | -10/Materials | Discovered new exit (range 16) 1514 | -10/Materials | Entered Mines 1549 | -10/Mines | Assembled infested the area 1578 | -10/Mines | Core integrity fell below 20% 1585 | -10/Mines | Destroyed by as-94459 with Assembled Heavy Rifle Last Messages --------------- 01418_ Acquired 34 matter. 01428_ Acquired 51 matter. 01460_ Acquired 11 matter. 01491_ Acquired 35 matter. LOCATION=UNKNOWN GOAL=ESCAPE 01549_ ALERT: Infestation in the mines, dispatching Demolisher response squad. 01567_ Destroyed Asb. Hover Unit. 01569_ as-72087 destroyed. 01571_ as-42263 destroyed. 01571_ as-41401 destroyed. 01571_ as-48969 destroyed. 01571_ as-39566 destroyed. 01571_ as-05105 destroyed. 01571_ as-13256 destroyed. 01571_ Destroyed Asb. Hover Unit. 01573_ as-96931 destroyed. 01575_ as-38855 destroyed. 01579_ as-51320 destroyed. Map ----- +----------------------------------------------------+ | ???????????????????????????????????? | | ???????????????????????????????????? | | ???????????????????????????????????? | | ???????????????????????????????????? | | ???????????????????????????????????? | | ???????????????????????????????????? | | ???????????????????????????????????? | | ???????????????????????????????????? | | ???????????????????????????????????? | | ???????????????????????????????????? | | ????????????????????????? ??????? | | ????????????????????????? ! ????? | | ????????????????????????? % ??? | | ????????????????????????? =% #?? | | ????????????????????????? % #?? | | ????????????????????????? #?? | | ????????????????????????? #?? | | ???????????????????????## a ##? | | ???????????????????????# #? | | ???????????????????##### #? | | ??????????????????## ## t #? | | ??????????????????# # #?? | | ??????????????????# # a #?? | | ?????????????????## #?? | | ?????????????##### ## % ????? | | ???????####?## #??#@ #???????? | | ??????## ## #### #???????? | | ?????## #???????? | | ?????# ########???????? | | ?????# #####??????????????? | | ?????## ###??????????????????? | | ??????#########????????????????????? | | ???????????????????????????????????? | | ???????????????????????????????????? | | | | | | | | | | | | | | | | | | | | | | | | | | | | | | | | | +----------------------------------------------------+ Best States ------------- Heat Dissipation 25 Energy Generation 10 Energy Capacity 250 Matter Stores 300 Matter Capacity 300 Sight Range 16 Terrain Scan Density 10 Evasion (%) 55 Recoil Reduction 2 Offensive Hacking 10 Item Schematics ----------------- None Robot Schematics ------------------ None Fabricated ------------ Nothing Alien Tech Used ----------------- None Achievements -------------- None Challenges ------------ None Game ------ Seed MagneticMiniTube Manual? 0 Play Time 00:21:12 Cumulative 41.9 hours Start 2024.04.20 @ 17:10:18 End 2024.04.20 @ 17:30:36 Sessions 1 Manual Loads 0 Difficulty Rogue Special Mode None Game No. 27 Rogue 27 Adventurer 0 Explorer 0 Win Type - Total 0 Types 0/0/0/0/0/0/0/0/0 Lore% 33 Gallery% 35 Achievement% 28 Wizard Run 0 Options --------- Layout 1 ASCII 0 Keyboard 0 Movement Mouse Keybinds 0 Fullscreen 1 Font 24/Smallcaps Map View 50x35 Zoom Use 0% Tactical HUD 1 Map Filters NONE Filters NONE Steam 1 RUN: 227af32f-2251-463f-8cf9-3b28c759ce71